 Dungeon Crawl Stone Soup version 0.26-a0-1101-g8f9f7f7418 (webtiles) character file.

Game seed: 4706658505323669624

29 ANON1729 the Caller (level 3, -1/19 HPs)
             Began as a Vampire Summoner on Dec 15, 2020.
             Slain by an adder (2 damage)
             ... on level 2 of the Dungeon.
             The game lasted 00:05:08 (1434 turns).

ANON1729 the Caller (Vampire Summoner)              Turns: 1434, Time: 00:05:08

Health: -1/19      AC:  2    Str:  5 (7)  XL:     3   Next: 1%
Magic:  4/6        EV: 12    Int: 16 (18) God:
Gold:   87         SH:  0    Dex: 12 (14) Spells: 5/6 levels left

rFire    . . .     SeeInvis +   l - +0 hand axe
rCold    + + .     Faith    .   (no shield)
rNeg     + + +     Spirit   .   a - +0 robe
rPois    ∞         Reflect  .   (no helmet)
rElec    .         Harm     .   (no cloak)
rCorr    .         Rampage  .   (no gloves)
Will     .....                  (no boots)
Stlth    ++++......             (no amulet)
HPRegen  0.00/turn              (no ring)
MPRegen  0.10/turn              (no ring)

@: bloodless
A: fangs 3, see invisible, unbreathing
a: Bat Form, Revivify


You were on level 2 of the Dungeon.
You visited 1 branch of the dungeon, and saw 2 of its levels.

You collected 87 gold pieces.

Inventory:

Hand Weapons
 l - a +0 hand axe (weapon)
Missiles
 e - 10 poisoned darts
Armour
 a - a +0 robe (worn)
Scrolls
 b - a scroll of teleportation {unknown}
 f - a scroll of identify {unknown}
 g - 5 scrolls of enchant weapon {unknown}
 h - a scroll of magic mapping {unknown}
 n - a scroll of amnesia {unknown}
Potions
 c - a potion of curing {unknown}
 d - 2 potions of heal wounds {unknown}
 i - a potion of mutation {unknown}
 j - 3 potions of attraction {unknown}
 k - 2 potions of might {unknown}
 m - a potion of magic {unknown}


   Skills:
 + Level 2.5 Dodging
 + Level 3.6 Stealth
 + Level 2.3 Spellcasting
 * Level 4.4 Summonings


You had 5 spell levels left.
You knew the following spells:

 Your Spells              Type           Power        Failure   Level
a - Summon Small Mammal   Summ           ###.         3%          1

Your spell library contained the following spells:

 Spells                   Type           Power        Failure   Level
 Call Imp                 Summ           ###.....     4%          2
 Call Canine Familiar     Summ           ###.....     10%         3
 Summon Guardian Golem    Hex/Summ       #.......     24%         3
 Summon Ice Beast         Ice/Summ       #.......     63%         4
 Summon Lightning Spire   Summ/Air       #.......     63%         4


Dungeon Overview and Level Annotations

Branches:
Dungeon (2/15)

Altars:


Innate Abilities, Weirdness & Mutations

You do not regenerate when monsters are visible.
You are frail without blood (-20% HP).
You can heal yourself when you bite living creatures.
You are immune to poison.
You have razor-sharp teeth.
You have supernaturally acute eyesight. (SInv)
You can survive without breathing.


Message History

The adder is moderately wounded.
The adder bites you.
* * * LOW HITPOINT WARNING * * *
Your bat hits the adder but does no damage.
The adder misses you.
You swap places.
Your bat hits the adder but does no damage.
Your bat barely misses the adder.
The adder bites you.
* * * LOW HITPOINT WARNING * * *
Your bat closely misses the adder.
The adder closely misses you.
You swap places.
Your bat barely misses the adder.
Your bat completely misses the adder.
The adder bites your bat.
Your bat is poisoned.
The adder poisons your bat!
Your bat barely misses the adder.
Casting: Summon Small Mammal (safe; 3% risk of failure)
Confirm with . or Enter, or press ? or * to list all spells.
Your bat closely misses the adder.
Your bat hits the adder. Your bat misses the adder. Your bat hits the adder.
The adder bites you.
You die...

.. ## ## ### #. ..#
#####.###.####..#
.........b......
#r.###.#
#.bS..#####.##
#####.@###........
...................
######...#######..#
#.............
######..#####.#.
######## #.......#
.).....# ###........#
.......###........#.#
..................#.#


You could see an adder, 2 friendly bats and a friendly rat (summoned).

Vanquished Creatures
  An ooze (D:1)
  A worm (D:2)
  2 leopard geckos (D:1)
  A ball python (D:1)
  A giant cockroach (D:1)
  2 goblins (D:1)
  3 jackals (D:1)
  A bat (D:1)
  A frilled lizard (D:1)
  A kobold (D:2)
  4 rats (D:1)
18 creatures vanquished.

Vanquished Creatures (collateral kills)
  A goblin (D:1)
  2 hobgoblins
  4 jackals (D:1)
7 creatures vanquished.

Grand Total: 25 creatures vanquished

Notes
Turn   | Place    | Note
-------+----------+-------------------------------------------
     0 | D:1      | ANON1729 the Vampire Summoner began the quest for the Orb.
     0 | D:1      | Reached XP level 1. HP: 13/13 MP: 3/3
   386 | D:1      | Reached XP level 2. HP: 12/19 MP: 1/5
  1222 | D:2      | Reached XP level 3. HP: 24/24 MP: 6/6
  1434 | D:2      | Slain by an adder

Illustrated notes

Levels and vault maps discovered:
D:1:      lightli_iron_boxes, layout_basic
D:2:      layout_basic, elyvilon_altar_1, lemuel_blue_sif_altar

Action                   || total
-------------------------++-------
Melee: Unarmed           ||    57
       Bite              ||    10
       Hand axe          ||    56
 Cast: Summon Small Mamm ||    25
 Abil: End Transformatio ||     1
       Bat Form          ||     1
       Exsanguinate      ||     1
 Stab: Sleeping          ||     2
Armor: Robe              ||    15
Dodge: Dodged            ||    92

Table legend: (Time is in decaauts)
 A = Elapsed time spent in this place.
 B = Non-inter-level travel time spent in this place.
 C = Inter-level travel time spent in this place.
 D = Time resting spent in this place.
 E = Time spent auto-exploring this place.
 F = Levels seen in this place.
 G = Mean time per level.
                   A        B        C        D        E       F      G
               +--------+--------+--------+--------+--------+-----+--------+
         Total |   1439 |   1422 |     17 |    101 |    943 |   2 |  719.5 |
       Dungeon |   1439 |   1422 |     17 |    101 |    943 |   2 |  719.5 |
               +--------+--------+--------+--------+--------+-----+--------+

Top non-repeatable levels by time:
     D:1: 1134 daAuts
     D:2: 305 daAuts
